 Dungeon Sprint DCSS version 0.30-a0-802-gb92711bcdf (webtiles) character file.

Game seed: 12355426453636440325

751 rocky1 the Zephyrmancer (level 7, -8/36 HPs)
             Began as a Deep Elf Air Elementalist on Feb 24, 2023.
             Was a Follower of Sif Muna.
             Mangled by a boulder beetle (21 damage)
             ... in the Dungeon (Sprint IX: "|||||||||||||||||||||||||||||").
             The game lasted 00:04:27 (571 turns).

rocky1 the Zephyrmancer (Deep Elf Air Elementalist)  Turns: 571, Time: 00:04:28

Health: -8/36      AC:  5    Str:  8    XL:     7   Next: 49%
Magic:  18/24      EV: 13    Int: 22    God:    Sif Muna [*.....]
Gold:   0          SH:  0    Dex: 18    Spells: 19/29 levels left

rFire   . . .      SeeInvis .    k - +4 quarterstaff (speed)
rCold   . . .      Faith    .    (shield currently unavailable)
rNeg    . . .      Spirit   .    g - +1 robe {Will+}
rPois   .          Reflect  .    o - +0 helmet
rElec   .          Harm     .    (no cloak)
rCorr   .          Rampage  .    n - +0 pair of gloves
Will    +....      NoTele   +    (no boots)
Stlth   ++                       (no amulet)
HPRegen 0.26/turn                q - +3 ring of dexterity
MPRegen 0.19/turn                p - +3 ring of strength

@: invisible
A: no striking features
a: Renounce Religion, Channel Magic


You were in the Dungeon.
You worshipped Sif Muna.
Sif Muna was aware of your devotion.
You visited 1 branch

Inventory:

Hand Weapons
 h - a +0 dagger
 k - a +4 quarterstaff of speed (weapon)
 l - a +2 rapier of venom
 m - a +2 scimitar of flaming
Armour
 a - a +0 robe
 g - a +1 robe of willpower (worn)
 n - a +0 pair of gloves (worn)
 o - a +0 helmet (worn)
Jewellery
 p - a +3 ring of strength (right hand)
 q - a +3 ring of dexterity (left hand)
Wands
 j - a wand of iceblast (10)
Scrolls
 i - 2 scrolls of amnesia
Potions
 b - 4 potions of magic
 c - 4 potions of curing


   Skills:
 - Level 2.4 Dodging
 - Level 2.4 Stealth
 + Level 11.8 Spellcasting
 - Level 1.1 Conjurations
 * Level 12.7 Air Magic
 + Level 7.1 Invocations


You had 19 spell levels left.
You knew the following spells:

 Your Spells              Type           Power      Damage    Failure   Level
a - Shock                 Conj/Air       100%       1d9       1%          1
b - Static Discharge      Conj/Air       86%        2-6/arc   1%          2
c - Swiftness             Air            62%        N/A       1%          3
d - Airstrike             Air            31%        2d(5-21)  1%          4

Your spell library contained the following spells:

 Spells                   Type           Power      Damage    Failure   Level


Dungeon Overview and Level Annotations

Branches:
Dungeon (1/1)

Altars:
Cheibriados
Dithmenos
Elyvilon
Fedhas
Gozag
Hepliaklqana
Kikubaaqudgha
Makhleb
Nemelex Xobeh
Okawaru
Qazlal
Ru
Sif Muna
Trog
Uskayaw
Vehumet
Wu Jian
Xom
Yredelemnul
Zin
The Shining One
Jiyva
Lugonu


Message History

You feel much better. The boulder beetle closely misses you.
Aiming: Shock (safe; 1% risk of failure)
Press: ? - help, Q - select action, (/) - cycle Shift-Dir - straight line, f/p - boulder beetle
Aim: a boulder beetle (severely wounded, unable to see you, 100% to hit)
The zap hits the boulder beetle.
The boulder beetle is severely wounded.
The zap hits the catoblepas.
The catoblepas is heavily wounded.
The zap hits the troll.
The troll is severely wounded.
The boulder beetle bites you!!
Ouch! That really hurt!
* * * LOW HITPOINT WARNING * * *
You feel much better. The boulder beetle bites you.
Casting: Shock (safe; 1% risk of failure)
Confirm with . or Enter, or press ? or * to list all spells.
Okay, then.
Casting: Shock (safe; 1% risk of failure)
Confirm with . or Enter, or press ? or * to list all spells.
The boulder beetle is struck by an arc of lightning.
The boulder beetle is severely wounded.
You are struck by an arc of lightning.
The lightning grounds out.
The catoblepas bellows!
The boulder beetle bites you!
* * * LOW HITPOINT WARNING * * *
Unknown command.
You feel better.
Unknown command.
Aiming: Shock (safe; 1% risk of failure)
Press: ? - help, Q - select action, (/) - cycle Shift-Dir - straight line, f/p - boulder beetle
Aim: a boulder beetle (severely wounded, unable to see you, 100% to hit)
The zap hits the boulder beetle.
The boulder beetle is severely wounded.
The zap hits the catoblepas.
The catoblepas is heavily wounded.
The zap hits the troll!
The troll is almost dead.
The boulder beetle bites you!!
Ouch! That really hurt!
You die... ▓▓▓▓▓▓▓▓▓▓▓▓▓▓▓▓▓▓▓▓▓▓▓▓▓▓▓▓▓▓▓▓▓ ....YT'..[)).TYB@________________ ▓▓▓▓▓▓▓▓▓▓▓▓▓▓▓▓▓▓▓▓▓▓▓▓▓▓▓▓▓▓▓▓▓

You could see a catoblepas (wandering, unable to see you), a boulder beetle (wandering, unable to see you) and a troll (unable to see you).

Vanquished Creatures
  A troll (D)
  A yak (D)
  An acid dragon (D)
  A necrophage (D)
  A wight (D)
  A killer bee (D)
  An orc wizard (D)
  An adder (D)
  A worm (D)
  2 orcs (D)
  An endoplasm (D)
  A goblin (D)
  A hobgoblin (D)
  A quokka (D)
  A rat (D)
16 creatures vanquished.

Vanquished Creatures (others)
  A vampire (D)
1 creature vanquished.

Grand Total: 17 creatures vanquished

Notes
Turn   | Place    | Note
-------+----------+-------------------------------------------
     0 | D        | rocky1 the Deep Elf Air Elementalist began the quest for
                  | the Orb.
     0 | D        | Reached XP level 1. HP: 10/10 MP: 6/6
     7 | D        | Reached skill level 4 in Air Magic
    82 | D        | Noticed a necrophage
    86 | D        | Reached XP level 2. HP: 11/15 MP: 5/9
    87 | D        | Reached skill level 5 in Air Magic
    97 | D        | Killed a necrophage
    98 | D        | Reached skill level 7 in Air Magic
    98 | D        | Reached XP level 3. HP: 15/19 MP: 3/13
    98 | D        | Reached XP level 4. HP: 20/24 MP: 3/14
   175 | D        | Found a snail-covered altar of Cheibriados.
   175 | D        | Found a shadowy altar of Dithmenos.
   175 | D        | Found a white marble altar of Elyvilon.
   175 | D        | Found a blossoming altar of Fedhas.
   175 | D        | Found an opulent altar of Gozag.
   176 | D        | Found a hazy altar of Hepliaklqana.
   177 | D        | Found a viscous altar of Jiyva.
   178 | D        | Found an ancient bone altar of Kikubaaqudgha.
   179 | D        | Found a corrupted altar of Lugonu.
   180 | D        | Found a burning altar of Makhleb.
   181 | D        | Found a sparkling altar of Nemelex Xobeh.
   182 | D        | Found an iron altar of Okawaru.
   183 | D        | Found a stormy altar of Qazlal.
   184 | D        | Found a sacrificial altar of Ru.
   185 | D        | Found a shimmering blue altar of Sif Muna.
   186 | D        | Found a bloodstained altar of Trog.
   187 | D        | Found a hide-covered altar of Uskayaw.
   188 | D        | Found a radiant altar of Vehumet.
   189 | D        | Found an ornate altar of the Wu Jian Council.
   190 | D        | Found a shimmering altar of Xom.
   191 | D        | Found a basalt altar of Yredelemnul.
   192 | D        | Found a glowing silver altar of Zin.
   193 | D        | Became a worshipper of Sif Muna the Loreminder
   194 | D        | Found a glowing golden altar of the Shining One.
   237 | D        | Learned a level 2 spell: Static Discharge
   241 | D        | Learned a level 3 spell: Swiftness
   246 | D        | Learned a level 4 spell: Airstrike
   246 | D        | Noticed a yak
   246 | D        | Noticed an acid dragon
   246 | D        | Noticed a vampire
   256 | D        | Reached skill level 8 in Air Magic
   256 | D        | Reached XP level 5. HP: 19/28 MP: 5/17
   258 | D        | Killed a vampire
   259 | D        | Reached skill level 9 in Air Magic
   262 | D        | Reached skill level 10 in Air Magic
   262 | D        | Killed an acid dragon
   262 | D        | Reached * piety under Sif Muna
   263 | D        | Reached skill level 10 in Spellcasting
   263 | D        | Reached XP level 6. HP: 24/32 MP: 15/21
   276 | D        | Reached skill level 11 in Air Magic
   276 | D        | Reached skill level 5 in Invocations
   278 | D        | Killed a yak
   279 | D        | Reached XP level 7. HP: 23/36 MP: 6/23
   501 | D        | Noticed a cyclops
   501 | D        | Noticed a wraith
   501 | D        | Noticed a catoblepas
   501 | D        | Noticed a troll
   501 | D        | Noticed a troll
   501 | D        | Noticed a boulder beetle
   563 | D        | Killed a troll
   564 | D        | Reached skill level 12 in Air Magic
   569 | D        | HP: 1/36 [boulder beetle (17)]
   571 | D        | Mangled by a boulder beetle

Illustrated notes

Levels and vault maps discovered:
D:        linesprint [early_d, line_temple, items_1, d_10, items_2, lair_1,
          lair_end, items_3, orc_1, orc_end, items_4, d_15, swamp_1, shoals_1,
          snake_1, spider_1, d_20, vaults_1, items_5, swamp_end, shoals_end,
          snake_end, spider_end, vaults_end, d_27, items_6, zot_1, zot_end,
          crypt_end, forest_end, elf_end, slime_end, tomb_end, abyss_end,
          pan_hell_end]

Skill      XL: |  1  2  3  4  5  6  7 |
---------------+----------------------+-----
Air Magic      | 4 7 8 10 11 12 | 12.7
Spellcasting   | 4 6 8 10 11 | 11.8
Invocations    | 4 6 7 |  7.1
Dodging        | |  2.4
Stealth        | |  2.4
Conjurations   | |  1.1

Action                     |  1- 3 |  4- 6 |  7- 9 || total
---------------------------+-------+-------+-------++-------
  Melee: Dagger            |     8 |     3 |       ||    11
         Quarterstaff      |       |     2 |     9 ||    11
   Cast: Shock             |    11 |    20 |    36 ||    67
         Airstrike         |       |     2 |       ||     2
         Static Discharge  |       |     1 |     1 ||     2
 Invoke: Channel Magic     |       |       |     1 ||     1
    Use: Potion            |     1 |     1 |     6 ||     8
         Scroll            |       |     2 |       ||     2
   Stab: Petrified         |       |       |     6 ||     6
 Armour: Robe              |     4 |     1 |       ||     5
  Dodge: Dodged            |     7 |     7 |     6 ||    20

Table legend: (Time is in decaauts)
 A = Elapsed time spent in this place.
 B = Non-inter-level travel time spent in this place.
 C = Inter-level travel time spent in this place.
 D = Time resting spent in this place.
 E = Time spent auto-exploring this place.
 F = Levels seen in this place.
 G = Mean time per level.
                   A        B        C        D        E       F      G
               +--------+--------+--------+--------+--------+-----+--------+
         Total |    563 |    563 |      0 |    334 |      0 |   1 |  563.0 |
       Dungeon |    563 |    563 |      0 |    334 |      0 |   1 |  563.0 |
               +--------+--------+--------+--------+--------+-----+--------+

Top non-repeatable levels by time:
       D: 563 daAuts
